Map: Automaton LE

Players

Clem - Winner!

  • Race: Terran Terran
  • Spawn Location: 9:00

ShoWTimE

  • Race: Protoss Protoss
  • Spawn Location: 3:00

Event: 2019 WCS Spring

VOD

Have the link to the VOD?

Description

Time

  • Played on: May 18, 2019, 12:57 p.m.
  • Length: 17:44

All games in this series

Show
View Real Time Build Order
Export as new Build Order

Clem Terran - Winner!

Build Orders: Gas First Reaper Expand 

Get SALT Encoding   

  12  0:00  SCV  
  13  0:12  SCV  
  14  0:17  Supply Depot  
  14  0:25  SCV  
  15  0:29  Refinery  
  15  0:39  SCV  
  16  0:45  Barracks  
  16  0:51  SCV  
  17  1:03  SCV  
  18  1:15  SCV  
  19  1:32  Reaper, Orbital Command  
  20  1:48  Command Center  
  20  1:59  Factory  
  20  2:03  SCV  
  21  2:08  Barracks Reactor  
  21  2:15  SCV  
  22  2:18  Supply Depot  
  22  2:23  Refinery  
  22  2:27  SCV  
  23  2:40  SCV  
  24  2:45  Starport  
  24  2:50  Hellion x2  
  28  2:56  SCV  
  29  3:01  Orbital Command  
  29  3:05  Barracks Tech Lab  
  29  3:11  Hellion  
  31  3:15  Hellion  
  31  3:18  SCV  
  34  3:24  Medivac  
  36  3:28  SCV  
  37  3:35  SCV  
  37  3:37  Supply Depot  
  37  3:40  SCV  
  39  3:42  Marine x2  
  39  3:46  Siege Tank  
  44  3:52  SCV, Supply Depot  
  44  3:58  SCV  
  44  4:00  Marine  
  44  4:01  Starport Tech Lab  
  46  4:05  SCV  
  43  4:12  Marine  
  44  4:17  SCV  
  44  4:18  SCV, Siege Tank, Marine  
  48  4:29  SCV  
  48  4:30  SCV, Marine  
  47  4:36  Marine  
  51  4:42  Barracks x2  
  51  4:47  SCV x2  
  51  4:49  Supply Depot  
  53  4:53  Marine  
  53  4:54  Marine  
  53  4:59  Siege Tank  
  58  5:01  Refinery  
  58  5:02  SCV x2  
  57  5:07  Engineering Bay  
  57  5:09  Starport  
  57  5:13  Marine x2  
  59  5:14  SCV  
  59  5:15  SCV  
  61  5:26  SCV, Supply Depot  
  61  5:28  SCV  
  63  5:30  Barracks Tech Lab  
  63  5:32  Marine x2  
  65  5:38  Bunker  
  65  5:39  SCV, Bunker, Factory Reactor  
  65  5:40  SCV  
  65  5:41  Stimpack  
  69  5:43  Marauder  
  69  5:47  Starport Reactor  
  69  5:49  Terran Infantry Weapons Level 1  
  69  5:50  Marine x2  
  71  5:58  Marauder, Refinery  
  71  6:03  SCV, Supply Depot  
  74  6:04  SCV  
  74  6:07  Marauder  
  77  6:11  Supply Depot  
  77  6:15  Marine  
  78  6:24  Marine  
  78  6:25  Marauder, Widow Mine x2  
  85  6:27  Medivac  
  85  6:28  Supply Depot  
  85  6:33  SCV x2, Marauder  
  85  6:34  Medivac  
  85  6:36  Marine  
  90  6:44  Marine  
  90  6:45  SCV x2  
  90  6:46  Barracks Tech Lab  
  89  6:49  Widow Mine  
  89  6:50  Widow Mine  
  91  6:54  Marauder  
  91  6:55  Marine  
  91  6:57  SCV  
  91  6:58  SCV  
  92  7:03  Medivac  
  92  7:06  Marauder  
  90  7:09  SCV, Marine  
  90  7:14  Supply Depot  
  92  7:16  Marauder  
  92  7:18  Combat Shield  
  92  7:21  Widow Mine x2  
  98  7:24  Marine  
  98  7:28  Medivac  
  101  7:30  Command Center  
  101  7:32  SCV  
  101  7:35  SCV  
  103  7:37  Supply Depot  
  103  7:41  Marauder  
  105  7:45  Marauder  
  105  7:49  Medivac  
  109  7:53  Terran Infantry Armor Level 1  
  109  7:58  SCV  
  109  7:59  Widow Mine  
  109  8:02  Widow Mine  
  109  8:05  Medivac  
  116  8:06  Marine  
  116  8:08  SCV  
  116  8:10  SCV  
  114  8:16  Marauder, Marine  
  104  8:20  SCV  
  104  8:21  Medivac  
  104  8:24  Bunker  
  107  8:30  Marine  
  107  8:31  Marauder  
  107  8:33  Widow Mine  
  110  8:37  Marine  
  110  8:38  Widow Mine  
  110  8:39  Medivac  
  115  8:45  SCV x2  
  115  8:47  Marauder  
  115  8:57  SCV  
  115  8:58  Marine x2  
  115  9:00  Marauder  
  112  9:03  SCV  
  112  9:06  SCV  
  112  9:09  Marauder  
  109  9:14  Medivac x2  
  108  9:18  Marine  
  108  9:19  Widow Mine x2  
  108  9:20  SCV  
  108  9:21  Marauder  
  114  9:25  Orbital Command  
  114  9:31  Marine  
  111  9:33  Marauder  
  111  9:36  SCV x2  
  111  9:37  Marine, Supply Depot  
  113  9:45  Marauder  
  112  9:48  SCV x2  
  110  9:52  Armory  
  110  9:54  Engineering Bay  
  110  9:58  Barracks  
  108  10:01  SCV x2, Barracks  
  108  10:05  SCV  
  108  10:12  Widow Mine  
  108  10:13  Marine x2  
  115  10:14  Marauder x2  
  115  10:22  Medivac x2  
  115  10:28  Barracks  
  119  10:29  Barracks  
  119  10:31  Marine x2  
  120  10:35  Marauder x2  
  120  10:40  SCV  
  120  10:41  SCV  
  114  10:46  Widow Mine x2  
  114  10:47  SCV  
  114  10:49  Barracks Tech Lab  
  112  10:54  Terran Infantry Weapons Level 2  
  112  10:56  Medivac  
  118  10:57  Marauder x2  
  118  10:58  Medivac  
  118  11:01  Command Center  
  120  11:04  Ghost Academy  
  120  11:06  Terran Infantry Armor Level 2  
  120  11:14  Supply Depot  
  120  11:16  Barracks Reactor  
  120  11:18  Marauder x3  
  126  11:20  Marine x2  
  126  11:21  Barracks Tech Lab  
  128  11:28  Supply Depot  
  128  11:29  Barracks Tech Lab  
  128  11:30  Barracks Reactor  
  128  11:39  Marauder, Ghost x2  
  128  11:44  Widow Mine  
  128  11:46  Marine x2  
  130  11:47  Marauder  
  130  11:57  Widow Mine, Marine x2  
  130  12:00  SCV x3, Ghost  
  135  12:01  Refinery  
  135  12:02  Refinery  
  135  12:07  Ghost  
  139  12:08  Marauder  
  139  12:11  Ghost  
  139  12:12  SCV  
  139  12:14  Widow Mine  
  144  12:18  Widow Mine, Marine x4  
  144  12:22  Planetary Fortress, Supply Depot  
  150  12:24  Marine  
  150  12:26  Concussive Shells  
  150  12:29  Marine  
  152  12:39  Marauder x3, Widow Mine  
  152  12:40  Marauder  
  152  12:42  Supply Depot  
  162  12:44  Marine x3  
  162  12:45  Marine  
  162  12:47  Marine  
  167  12:52  Missile Turret  
  167  12:53  Missile Turret  
  167  12:57  Marine  
  154  13:00  Marine  
  154  13:01  Marauder x2  
  154  13:03  Marauder  
  154  13:14  Marine x2  
  154  13:16  Marine  
  154  13:18  Marauder, Marine  
  149  13:20  Marine x2  
  149  13:21  Ghost x2  
  149  13:24  Marauder  
  151  13:28  Widow Mine x2  
  151  13:29  Medivac  
  151  13:31  Medivac  
  155  13:35  Marine  
  148  13:44  Marine x2  
  148  13:45  Marine x3  
  153  13:50  Marine  
  153  13:52  Widow Mine x2  
  153  13:53  Ghost  
  160  13:58  SCV  
  160  13:59  Medivac  
  160  14:00  Marauder  
  162  14:03  Medivac  
  161  14:14  Marauder, Widow Mine, Marine x3  
  161  14:15  Widow Mine, Marine  
  161  14:16  Marauder  
  143  14:17  SCV  
  143  14:21  Marine  
  143  14:22  Marauder  
  144  14:29  Medivac  
  144  14:35  Widow Mine, Marine  
  144  14:36  Marauder  
  144  14:37  Widow Mine  
  150  14:42  Marauder, Marine x3, Barracks Tech Lab  
  152  14:47  Marauder  
  152  14:49  Marine  
  152  14:51  SCV  
  146  14:52  Marine  
  146  14:56  Ghost  
  146  14:57  Widow Mine  
  146  14:58  Widow Mine  
  139  15:00  Marine x2  
  139  15:04  Marauder  
  128  15:08  Marauder  
  128  15:10  Barracks Tech Lab  
  126  15:15  Marine  
  126  15:18  Widow Mine  
  120  15:24  Ghost  
  120  15:26  Medivac  
  120  15:29  Marine  
  120  15:30  Marauder, Marine  
  120  15:33  Medivac  
  126  15:38  Ghost  
  126  15:42  Marine  
  128  15:45  Ghost  
  128  15:49  Marine, Widow Mine x2  
  135  15:50  Marine  
  135  15:53  Marine  
  138  16:05  Marine  
  138  16:08  Marauder  
  138  16:09  Barracks  
  138  16:10  Barracks  
  141  16:13  Marauder  
  141  16:16  Marine x2  
  141  16:17  Marine  
  146  16:19  SCV, Refinery  
  146  16:20  SCV x2  
  146  16:23  SCV  
  150  16:29  Marine  
  150  16:31  Widow Mine  
  150  16:32  SCV, Marauder x2  
  158  16:34  Marine  
  158  16:37  SCV  
  158  16:45  Widow Mine  
  158  16:46  Marauder  
  155  16:51  Marine x2  
  155  16:52  Marauder, Widow Mine  
  155  16:53  Marauder  
  161  16:57  SCV x2  
  161  16:59  Ghost  
  161  17:00  Marine  
  157  17:12  Widow Mine  
  159  17:21  Widow Mine  
  159  17:22  Marauder  
  168  17:34  Supply Depot  
Show
View Real Time Build Order
Export as new Build Order

ShoWTimE Protoss 

Build Orders: 1 Gate Expand, Oracle Opening, Phoenix Opening 

Get SALT Encoding   

  12  0:00  Probe  
  13  0:12  Probe  
  14  0:18  Pylon  
  14  0:24  Probe  
  15  0:32  Probe  
  15  0:37  Gateway  
  15  0:40  Probe  
  16  0:47  Assimilator  
  17  0:51  Probe  
  18  1:03  Probe  
  19  1:15  Probe  
  20  1:26  Nexus  
  20  1:36  Cybernetics Core  
  20  1:39  Probe  
  21  1:45  Assimilator  
  21  1:51  Probe  
  22  1:56  Pylon  
  22  2:04  Probe, Adept  
  25  2:16  Warp Gate, Probe  
  26  2:25  Stargate  
  26  2:26  Stalker  
  26  2:28  Probe  
  27  2:35  Probe  
  29  2:42  Probe  
  29  2:43  Probe  
  32  2:53  Probe  
  32  2:54  Probe  
  34  2:58  Oracle  
  34  3:05  Probe  
  35  3:06  Probe  
  39  3:15  Pylon  
  39  3:17  Probe  
  39  3:18  Probe  
  41  3:25  Twilight Council  
  41  3:30  Probe  
  41  3:31  Probe  
  41  3:34  Gateway  
  43  3:40  Gateway  
  43  3:42  Probe  
  43  3:44  Probe  
  43  3:45  Phoenix  
  45  3:54  Probe  
  48  3:57  Probe, Pylon  
  49  4:06  Probe  
  49  4:09  Probe  
  45  4:13  Blink  
  43  4:18  Probe  
  43  4:19  Stalker  
  43  4:21  Probe  
  46  4:30  Probe  
  46  4:33  Probe  
  46  4:37  Stalker x2  
  51  4:43  Probe  
  51  4:45  Probe, Pylon  
  53  4:49  Assimilator  
  53  4:53  Assimilator  
  53  4:55  Probe  
  53  4:57  Probe  
  58  5:08  Probe  
  58  5:09  Probe  
  58  5:10  Pylon  
  60  5:14  Stalker  
  60  5:20  Stalker, Probe  
  65  5:22  Probe  
  66  5:30  Stalker  
  66  5:32  Probe  
  66  5:37  Stalker  
  66  5:38  Phoenix  
  69  5:44  Pylon  
  69  5:46  Pylon  
  69  5:58  Pylon  
  69  6:00  Shield Battery  
  69  6:01  Shield Battery  
  69  6:03  Stalker x3  
  75  6:14  Nexus  
  75  6:17  Pylon  
  75  6:18  Charge  
  75  6:19  Probe  
  75  6:20  Probe  
  77  6:31  Probe  
  77  6:32  Probe  
  79  6:33  Stalker  
  81  6:43  Probe  
  82  6:56  Probe  
  82  6:57  Forge, Probe  
  82  7:00  Forge  
  84  7:13  Gateway  
  84  7:14  Probe x2, Gateway  
  84  7:15  Gateway  
  86  7:16  Gateway  
  86  7:23  Gateway  
  86  7:24  Probe x2, Gateway  
  86  7:26  Probe  
  86  7:28  Pylon  
  88  7:32  Probe x2  
  88  7:35  Probe  
  91  7:40  Probe  
  91  7:41  Probe  
  92  7:44  Probe  
  92  7:45  Pylon  
  92  7:48  Zealot, Protoss Ground Weapons Level 1, Protoss Ground Armor Level 1  
  97  7:52  Templar Archives  
  97  7:53  Zealot, Probe x2  
  101  7:59  Zealot  
  91  8:16  Probe  
  91  8:18  Pylon  
  91  8:19  Zealot x6  
  102  8:21  Pylon  
  102  8:22  Probe  
  103  8:33  Zealot  
  105  8:37  Assimilator  
  105  8:39  Psionic Storm  
  105  8:40  High Templar x5  
  105  8:41  High Templar  
  117  8:43  Assimilator  
  117  8:44  Archon  
  117  8:45  Archon x2  
  117  8:47  Zealot  
  89  9:03  Zealot  
  89  9:06  Gateway  
  89  9:07  Robotics Facility  
  89  9:08  Zealot  
  89  9:14  Zealot x3  
  89  9:15  Zealot x2  
  92  9:20  Probe x3  
  93  9:28  Zealot x2  
  87  9:32  Probe  
  87  9:37  Stalker x5  
  82  9:51  High Templar x2  
  83  9:59  Protoss Ground Armor Level 2  
  83  10:02  High Templar  
  83  10:05  Nexus  
  85  10:09  Probe x2  
  84  10:16  Pylon  
  84  10:18  Zealot x2  
  88  10:23  Zealot x2  
  92  10:30  Stalker  
  90  10:41  Archon  
  86  10:47  High Templar  
  86  10:48  Protoss Ground Weapons Level 2  
  86  10:51  Probe x2  
  86  10:54  Pylon  
  88  11:00  Zealot x5  
  88  11:01  Warp Prism  
  98  11:07  High Templar  
  102  11:21  High Templar  
  102  11:23  Zealot  
  106  11:30  Pylon  
  106  11:35  Zealot x4  
  108  11:45  Zealot x3  
  106  11:56  Zealot x4  
  114  12:03  Zealot, Cybernetics Core  
  118  12:11  High Templar x3  
  116  12:25  Pylon  
  116  12:29  Zealot x5  
  126  12:36  Pylon  
  126  12:47  Zealot x3  
  126  12:50  Zealot x5  
  140  13:06  Stalker  
  140  13:08  Stalker x4  
  138  13:24  Archon x2  
  138  13:26  High Templar x4  
  142  13:27  Stalker  
  142  13:31  Zealot x3  
  134  13:51  Stalker x2  
  134  13:52  Stalker, Zealot  
  140  13:56  Zealot x2  
  134  14:15  Archon  
  116  14:20  Zealot x8  
  118  14:41  Stalker x3, Zealot x2  
  118  14:46  Nexus  
  118  14:47  Pylon  
  118  14:48  Warp Prism  
  118  14:50  Zealot x7  
  88  15:15  Zealot x8  
  98  15:35  High Templar x5  
  104  15:40  High Templar x2  
  104  15:42  Probe x3  
  115  15:43  Pylon  
  115  15:49  Sentry  
  117  15:54  Probe x2  
  119  15:57  Probe x2  
  119  15:58  Observer  
  125  16:06  Probe  
  123  16:17  Zealot x8  
  139  16:24  Assimilator  
  139  16:28  Assimilator  
  135  16:40  Zealot x2  
  135  16:43  Archon  
  135  16:44  Archon  
  135  16:45  Zealot x5  
  111  17:04  Stalker x2  
  111  17:05  Stalker  
  111  17:06  Zealot x4  
  95  17:28  Zealot x7  
Tags
 
Add a new tag
Caveats
  • Supply blocks, unpowered buildings, or Contaminate may cause inaccurate times.
  • Supply counts are checked every 10 seconds.